AoeStats
← ChuKoNuUBad

Fortress

509918033Analyzed
2v2 RM · 4d ago on Sep 28, 2026· 41m 35s· 4 players
Game mode
Random Map
Map size
Normal (6 player)
Population
200
Speed
Normal
Resources
Standard
Victory
Conquest
Starting age
Dark Age
Ending age
Imperial Age
RankedLock teamsTeams togetherTeam positionsShared explorationLock speedFull tech treeHidden civsTurbo modeCheats
Victory
Defeat
🇬🇧 Teutons · United Kingdom
1246
+17
🇬🇧 Poles · United Kingdom
1244
+16
🇮🇹 Lithuanians · Italy
1275
-17
🇵🇰 Celts · Pakistan
1243
-16
Nomad until 1300
7:13 Feudal Age
7:21 Feudal Age
8:52 Double-Bit Axe
11:35 Castle Age
9:50 Town Watch
11:10 Loom
11:14 Town Watch
13:47 Town Patrol
14:40 Bow Saw
14:21 Horse Collar
22:34 Forging
22:29 Scale Barding Armor
23:20 Bloodlines
23:58 Wheelbarrow
32:56 Iron Casting
32:41 Chain Barding Armor
39:18 Imperial Age
38:15 Heavy Plow
38:33 Gold Mining
ChuKoNuUBad
7:11 Feudal Age
11:07 Castle Age
8:55 Double-Bit Axe
9:15 Horse Collar
12:57 Bow Saw
15:44 Gold Mining
21:39 Scale Mail Armor
24:08 Arson
26:15 Chain Mail Armor
31:15 Wheelbarrow
31:21 Forging
32:42 Iron Casting
33:40 Hand Cart
33:32 Heavy Plow
33:24 Stone Mining
37:54 Imperial Age
36:41 Town Watch
36:42 Loom
37:31 Town Patrol
37:56 Squires
39:45 Chemistry
39:06 Ballistics
39:19 Plate Mail Armor
39:49 Blast Furnace
38:13 Elite Teutonic Knight
39:14 Conscription
38:24 Capped Ram
39:25 Siege Engineers
39:33 Fortified Wall
pietro91
7:08 Feudal Age
10:42 Castle Age
8:42 Double-Bit Axe
9:07 Horse Collar
13:58 Heavy Plow
17:54 Wheelbarrow
19:24 Bow Saw
20:17 Hand Cart
24:06 Imperial Age
22:22 Scale Barding Armor
22:23 Gold Mining
22:24 Stone Mining
24:46 Forging
24:56 Chain Barding Armor
30:51 Cavalier
31:32 Husbandry
NSN WAJID
3:01 Loom
9:49 Feudal Age
13:36 Castle Age
11:29 Double-Bit Axe
11:25 Horse Collar
11:37 Gold Mining
14:56 Wheelbarrow
20:01 Scale Mail Armor
20:11 Forging
21:26 Chain Mail Armor
28:09 Imperial Age
28:15 Town Watch
29:51 Hand Cart
32:01 Bow Saw
33:42 Conscription
35:51 Heavy Scorpion
36:57 Onager
Connection lost

Rejoining the realm…

Still unreachable

The connection could not be restored.

Session expired

The server has moved on; the page needs a fresh start.